| Goals | Penalties |
No Goal
|
Tyler Bertuzzi (EDM) for Roughing (Minor) at 4:27 Josh Morrissey (EDM) for High sticking (Minor) at 8:06
|
1. Sharks , Aleksander Barkov 52 (Mario Ferraro 27) at 2:46
2. Oilers , Blake Wheeler 15 (Ryan Nugent-Hopkins 42, Josh Morrissey 44) at 4:28
3. Oilers , J.T. Miller 32 (Tyler Bertuzzi 33, Evander Kane 30) at 17:17
|
Jamie Oleksiak (EDM) for Hooking (Minor) at 5:13
|
4. Sharks , Paul Stastny 24 (Gustav Forsling 30, Jon Merrill 8) at 5:33
5. Oilers , Ryan Nugent-Hopkins 26 (Jamie Oleksiak 14, Vincent Trocheck 27) at 6:33
|
No Penalty
|
|
Cam Talbot (SJS), 31 saves from 34 shots - (0.912), L, 35-23-5, 60:00 minutes
Thomas Greiss (EDM), 44 saves from 46 shots - (0.957), W, 10-13-2, 60:00 minutes
|
|
1 - Thomas Greiss (EDM)
2 - Ryan Nugent-Hopkins (EDM)
3 - Blake Wheeler (EDM)
|
Referees : Terry Koharski and Dan O'Rourke
Linesman : Steven Walsh and Kyle Flemington
|
|
| No Game Note
|
|
Level 1 -- Attendance: 5824 (97.07%) -- Ticket Income $960,960
Level 2 -- Attendance: 4455 (89.10%) -- Ticket Income $534,600
Level 3 -- Attendance: 3080 (77.00%) -- Ticket Income $304,920
Level 4 -- Attendance: 2627 (87.57%) -- Ticket Income $183,890
Luxury Box -- Attendance: 928 (92.80%) -- Ticket Income $236,640
Game was played at the Rexall Place.
Total Attendance: 16914 (89.02%)
Total Ticket Income: $2,221,010
Total Income: $2,221,010
|
| Team Name |
Goals |
Shots |
Shots Attemp |
Shots Blocked |
PIM |
HIT |
PP |
PK |
FO% |
| Sharks |
2 | 46 | 64 | 11 | 0 | 24 | 0 / 3 (0%) | 0 | 44% |
| Oilers |
3 | 34 | 70 | 6 | 6 | 25 | 0 / 0 (0.00% | 0 | 56% |
Sharks
Oilers
Sharks
| 5 vs 5 Forward |
|---|
| Line # | Left Wing | Center | Right Wing | PHY | DF | OF | Wanted % | Time % | Time Play |
| 1 | Timothy Gettinger | Aleksander Barkov | Garnet Hathaway | 0 | 2 | 3 | 38 | 32% | 17:06
|
| 2 | Erik Haula | Evgeny Kuznetsov | Robert Thomas | 0 | 2 | 3 | 32 | 30% | 16:05
|
| 3 | Nino Niederreiter | Paul Stastny | Taylor Raddysh | 2 | 2 | 1 | 22 | 24% | 13:02
|
| 4 | Ryan Lomberg | Derek Ryan | Oliver Wahlstrom | 2 | 3 | 0 | 8 | 14% | 7:50
|
| 5 vs 5 Defense |
|---|
| Line # | Defense | Defense | | PHY | DF | OF | Wanted % | Time % | Time Play |
| 1 | Jon Merrill | Gustav Forsling | | 0 | 3 | 2 | 36 | 38% | 20:31
|
| 2 | Mario Ferraro | Jonas Brodin | | 0 | 3 | 2 | 33 | 31% | 16:42
|
| 3 | Michael Del Zotto | Travis Hamonic | | 2 | 3 | 0 | 20 | 24% | 12:59
|
| 4 | Mario Ferraro | Jonas Brodin | | 0 | 3 | 2 | 11 | 7% | 3:51
|
| Power Play Forward |
|---|
| Line # | Left Wing | Center | Right Wing | PHY | DF | OF | Wanted % | Time % | Time Play |
| 1 | Paul Stastny | Aleksander Barkov | Robert Thomas | 1 | 0 | 4 | 55 | 51% | 3:02
|
| 2 | Erik Haula | Evgeny Kuznetsov | Garnet Hathaway | 1 | 1 | 3 | 45 | 49% | 2:55
|
| Power Play Defense |
|---|
| Line # | Defense | Defense | | PHY | DF | OF | Wanted % | Time % | Time Play |
| 1 | Michael Del Zotto | Jonas Brodin | | 1 | 2 | 2 | 65 | 63% | 3:45
|
| 2 | Mario Ferraro | Gustav Forsling | | 1 | 2 | 2 | 35 | 37% | 2:12
|
| Penalty Kill 4 Players Forward |
|---|
| Line # | Center | Wing | PHY | DF | OF | Wanted % | Time % | Time Play |
| 1 | Aleksander Barkov | Robert Thomas | 1 | 4 | 0 | 50 | 0% | 0:00
|
| 2 | Evgeny Kuznetsov | Erik Haula | 2 | 3 | 0 | 50 | 0% | 0:00
|
| Penalty Kill 4 Players Defense |
|---|
| Line # | Defense | Defense | PHY | DF | OF | Wanted % | Time % | Time Play |
| 1 | Jon Merrill | Jonas Brodin | 1 | 3 | 1 | 60 | 0% | 0:00
|
| 2 | Mario Ferraro | Gustav Forsling | 1 | 3 | 1 | 40 | 0% | 0:00
|
| Penalty Kill 3 Players |
|---|
| Line # | Wing | PHY | DF | OF | Wanted % | Time % | Time Play | Defense | Defense | PHY | DF | OF | Wanted % | Time % | Time Play |
| 1 | Aleksander Barkov | 1 | 3 | 1 | 60 | 0% | 0:00
| Travis Hamonic | Jonas Brodin | 1 | 3 | 1 | 60 | 0% | 0:00
|
| 2 | Evgeny Kuznetsov | 1 | 3 | 1 | 40 | 0% | 0:00
| Mario Ferraro | Gustav Forsling | 1 | 3 | 1 | 40 | 0% | 0:00
|
| 4 vs 4 Forward |
|---|
| Line # | Center | Wing | PHY | DF | OF | Wanted % | Time % | Time Play |
| 1 | Aleksander Barkov | Robert Thomas | 1 | 1 | 3 | 55 | 0% | 0:00
|
| 2 | Evgeny Kuznetsov | Erik Haula | 1 | 2 | 2 | 45 | 0% | 0:00
|
| 4 vs 4 Defense |
|---|
| Line # | Defense | | PHY | DF | OF | Wanted % | Time % | Time Play |
| 1 | Michael Del Zotto | Jonas Brodin | 1 | 2 | 2 | 60 | 0% | 0:00
|
| 2 | Mario Ferraro | Gustav Forsling | 1 | 2 | 2 | 40 | 0% | 0:00
|
| Last Minutes Offensive |
|---|
| Left Wing | Center | Right Wing | Defense | Defense |
| Timothy Gettinger | Aleksander Barkov | Robert Thomas | Jon Merrill | Jonas Brodin |
| Last Minutes Defensive |
|---|
| Left Wing | Center | Right Wing | Defense | Defense |
| Timothy Gettinger | Aleksander Barkov | Robert Thomas | Jon Merrill | Jonas Brodin |
| Time |
|---|
| Total Forward | Total Defense | Last Minutes Offensive | Last Minutes Defensive |
| 60:00 |
60:00 |
0:00 | 0:00 |
| Extra Forwards |
|---|
| Normal | PowerPlay | Penalty Kill |
|
Paul Stastny, Erik Haula, Nino Niederreiter | Paul Stastny, Erik Haula | Paul Stastny |
| Extra Defensemen |
|---|
| Normal | PowerPlay | Penalty Kill |
|
Gustav Forsling, Michael Del Zotto, Travis Hamonic | Gustav Forsling, Gustav Forsling | Michael Del Zotto |
| Penalty Shots |
|---|
|
Aleksander Barkov, Erik Haula, Evgeny Kuznetsov, Robert Thomas, Paul Stastny |
| Goalie |
|---|
| Cam Talbot, Eric Comrie |
| Custom OT Lines Forwards |
|---|
|
Aleksander Barkov, Timothy Gettinger, Evgeny Kuznetsov, Robert Thomas, Paul Stastny, Erik Haula, Nino Niederreiter, Garnet Hathaway, Derek Ryan, Oliver Wahlstrom |
| Custom OT Lines Defensemen |
|---|
|
Jon Merrill, Jonas Brodin, Mario Ferraro, Gustav Forsling, Michael Del Zotto |
| Scratches |
|---|
|
Kris Letang (Fractured Left Foot Injury), Filip Forsberg (Dislocated Patella Injury) |
Oilers
| 5 vs 5 Forward |
|---|
| Line # | Left Wing | Center | Right Wing | PHY | DF | OF | Wanted % | Time % | Time Play |
| 1 | Evander Kane | J.T. Miller | Tyler Bertuzzi | 0 | 3 | 2 | 35 | 35% | 18:48
|
| 2 | Ryan Nugent-Hopkins | Vincent Trocheck | Blake Wheeler | 0 | 1 | 4 | 30 | 30% | 15:49
|
| 3 | Andrew Copp | Joshua Norris | Nick Paul | 1 | 2 | 2 | 25 | 24% | 12:47
|
| 4 | Eric Robinson | Eric Staal | Michael Rasmussen | 1 | 2 | 2 | 10 | 11% | 6:00
|
| 5 vs 5 Defense |
|---|
| Line # | Defense | Defense | | PHY | DF | OF | Wanted % | Time % | Time Play |
| 1 | Noah Hanifin | Esa Lindell | | 1 | 2 | 2 | 40 | 40% | 21:27
|
| 2 | Josh Morrissey | Jamie Oleksiak | | 1 | 2 | 2 | 30 | 28% | 15:01
|
| 3 | Carson Soucy | Colin Miller | | 1 | 2 | 2 | 20 | 25% | 13:06
|
| 4 | Josh Morrissey | Jamie Oleksiak | | 1 | 2 | 2 | 10 | 7% | 3:50
|
| Power Play Forward |
|---|
| Line # | Left Wing | Center | Right Wing | PHY | DF | OF | Wanted % | Time % | Time Play |
| 1 | Evander Kane | J.T. Miller | Tyler Bertuzzi | 1 | 0 | 4 | 60 | 0% | 0:00
|
| 2 | Ryan Nugent-Hopkins | Joshua Norris | Blake Wheeler | 1 | 0 | 4 | 40 | 0% | 0:00
|
| Power Play Defense |
|---|
| Line # | Defense | Defense | | PHY | DF | OF | Wanted % | Time % | Time Play |
| 1 | Josh Morrissey | Carson Soucy | | 0 | 0 | 5 | 60 | 0% | 0:00
|
| 2 | Noah Hanifin | Esa Lindell | | 0 | 0 | 5 | 40 | 0% | 0:00
|
| Penalty Kill 4 Players Forward |
|---|
| Line # | Center | Wing | PHY | DF | OF | Wanted % | Time % | Time Play |
| 1 | Nick Paul | Andrew Copp | 0 | 5 | 0 | 60 | 64% | 3:48
|
| 2 | Vincent Trocheck | Eric Robinson | 0 | 5 | 0 | 40 | 36% | 2:09
|
| Penalty Kill 4 Players Defense |
|---|
| Line # | Defense | Defense | PHY | DF | OF | Wanted % | Time % | Time Play |
| 1 | Esa Lindell | Noah Hanifin | 0 | 5 | 0 | 60 | 33% | 1:57
|
| 2 | Carson Soucy | Jamie Oleksiak | 0 | 5 | 0 | 40 | 67% | 4:00
|
| Penalty Kill 3 Players |
|---|
| Line # | Wing | PHY | DF | OF | Wanted % | Time % | Time Play | Defense | Defense | PHY | DF | OF | Wanted % | Time % | Time Play |
| 1 | Nick Paul | 0 | 4 | 1 | 60 | 0% | 0:00
| Esa Lindell | Noah Hanifin | 0 | 5 | 0 | 60 | 0% | 0:00
|
| 2 | Vincent Trocheck | 0 | 4 | 1 | 40 | 0% | 0:00
| Carson Soucy | Jamie Oleksiak | 0 | 5 | 0 | 40 | 0% | 0:00
|
| 4 vs 4 Forward |
|---|
| Line # | Center | Wing | PHY | DF | OF | Wanted % | Time % | Time Play |
| 1 | J.T. Miller | Evander Kane | 1 | 2 | 2 | 60 | 0% | 0:00
|
| 2 | Vincent Trocheck | Ryan Nugent-Hopkins | 1 | 2 | 2 | 40 | 0% | 0:00
|
| 4 vs 4 Defense |
|---|
| Line # | Defense | | PHY | DF | OF | Wanted % | Time % | Time Play |
| 1 | Noah Hanifin | Esa Lindell | 1 | 2 | 2 | 60 | 0% | 0:00
|
| 2 | Josh Morrissey | Carson Soucy | 1 | 2 | 2 | 40 | 0% | 0:00
|
| Last Minutes Offensive |
|---|
| Left Wing | Center | Right Wing | Defense | Defense |
| Evander Kane | J.T. Miller | Blake Wheeler | Noah Hanifin | Josh Morrissey |
| Last Minutes Defensive |
|---|
| Left Wing | Center | Right Wing | Defense | Defense |
| Andrew Copp | J.T. Miller | Nick Paul | Jamie Oleksiak | Esa Lindell |
| Time |
|---|
| Total Forward | Total Defense | Last Minutes Offensive | Last Minutes Defensive |
| 60:00 |
60:00 |
0:00 | 0:39 |
| Extra Forwards |
|---|
| Normal | PowerPlay | Penalty Kill |
|
J.T. Miller, Ryan Nugent-Hopkins, Vincent Trocheck | Andrew Copp, Vincent Trocheck | J.T. Miller |
| Extra Defensemen |
|---|
| Normal | PowerPlay | Penalty Kill |
|
Josh Morrissey, Noah Hanifin, Carson Soucy | Josh Morrissey, Jamie Oleksiak | Noah Hanifin |
| Penalty Shots |
|---|
|
J.T. Miller, Blake Wheeler, Ryan Nugent-Hopkins, Andrew Copp, Vincent Trocheck |
| Goalie |
|---|
| Thomas Greiss, Semyon Varlamov |
| Custom OT Lines Forwards |
|---|
|
J.T. Miller, Evander Kane, Ryan Nugent-Hopkins, Vincent Trocheck, Andrew Copp, Tyler Bertuzzi, Nick Paul, Blake Wheeler, Michael Rasmussen, Eric Robinson |
| Custom OT Lines Defensemen |
|---|
|
Josh Morrissey, Noah Hanifin, Esa Lindell, Jamie Oleksiak, Carson Soucy |
| Scratches |
|---|
|
Ben Chiarot (Chest/Ribs Injury), Nick Bjugstad (Healthy), Patrick Brown (Healthy) |
Play-by-Play
1st period
0:01 of 1st period - Aleksander Barkov wins face-off versus J.T. Miller in neutral zone.
0:09 of 1st period - Esa Lindell is hit by Garnet Hathaway and loses puck.
0:32 of 1st period - Shot by J.T. Miller.
0:32 of 1st period - Stopped by Cam Talbot without a rebound.
0:33 of 1st period - Evgeny Kuznetsov wins face-off versus Vincent Trocheck in Sharks zone.
0:33 of 1st period - Evgeny Kuznetsov is hit by Blake Wheeler.
1:02 of 1st period - Shot by Blake Wheeler.
1:02 of 1st period - Shot Misses the Net.
1:04 of 1st period - Shot by Ryan Nugent-Hopkins.
1:04 of 1st period - Shot Misses the Net.
1:06 of 1st period - Shot by Vincent Trocheck.
1:06 of 1st period - Shot Misses the Net.
1:21 of 1st period - Icing by Jonas Brodin.
1:22 of 1st period - Evgeny Kuznetsov wins face-off versus Joshua Norris in Sharks zone.
1:35 of 1st period - Icing by Andrew Copp.
1:36 of 1st period - Joshua Norris wins face-off versus Paul Stastny in Oilers zone.
1:57 of 1st period - Shot by Andrew Copp.
1:57 of 1st period - Shot Misses the Net.
1:59 of 1st period - Shot by Andrew Copp.
1:59 of 1st period - Stopped by Cam Talbot with a rebound.
2:01 of 1st period - Shot by Andrew Copp.
2:01 of 1st period - Shot Misses the Net.
2:03 of 1st period - Shot by Nick Paul.
2:03 of 1st period - Stopped by Cam Talbot without a rebound.
2:04 of 1st period - Eric Staal wins face-off versus Garnet Hathaway in Sharks zone.
2:35 of 1st period - Shot by Michael Rasmussen.
2:35 of 1st period - Shot Blocked by Gustav Forsling.
2:41 of 1st period - Michael Rasmussen is hit by Garnet Hathaway and loses puck.
3:13 of 1st period - Shot by Oliver Wahlstrom.
3:13 of 1st period - Deflect By Derek Ryan.
3:13 of 1st period - Stopped by Thomas Greiss without a rebound.
3:14 of 1st period - J.T. Miller wins face-off versus Paul Stastny in Oilers zone.
3:25 of 1st period - Shot by Paul Stastny.
3:25 of 1st period - Stopped by Thomas Greiss with a rebound.
3:27 of 1st period - Shot by Paul Stastny.
3:27 of 1st period - Shot Blocked by Josh Morrissey.
3:33 of 1st period - Shot by Paul Stastny.
3:33 of 1st period - Stopped by Thomas Greiss with a rebound.
3:35 of 1st period - Shot by Paul Stastny.
3:35 of 1st period - Stopped by Thomas Greiss with a rebound.
3:37 of 1st period - Shot by Nino Niederreiter.
3:37 of 1st period - Stopped by Thomas Greiss without a rebound.
3:38 of 1st period - Ryan Nugent-Hopkins wins face-off versus Evgeny Kuznetsov in Oilers zone.
3:56 of 1st period - Shot by Ryan Nugent-Hopkins.
3:56 of 1st period - Stopped by Cam Talbot without a rebound.
3:57 of 1st period - J.T. Miller wins face-off versus Aleksander Barkov in Sharks zone.
4:02 of 1st period - Shot by J.T. Miller.
4:02 of 1st period - Shot Hit the Post.
4:10 of 1st period - Shot by Evander Kane.
4:10 of 1st period - Stopped by Cam Talbot without a rebound.
4:11 of 1st period - Joshua Norris wins face-off versus Evgeny Kuznetsov in Sharks zone.
4:25 of 1st period - Icing by Mario Ferraro.
4:26 of 1st period - Robert Thomas wins face-off versus J.T. Miller in Sharks zone.
4:26 of 1st period - Robert Thomas is hit by J.T. Miller.
4:27 of 1st period - Minor Penalty to Tyler Bertuzzi for Roughing.
4:28 of 1st period - Aleksander Barkov wins face-off versus Nick Paul in Oilers zone.
4:37 of 1st period - Shot by Aleksander Barkov.
4:37 of 1st period - Stopped by Thomas Greiss without a rebound.
4:38 of 1st period - Nick Paul wins face-off versus Evgeny Kuznetsov in Oilers zone.
5:01 of 1st period - Shot by Evgeny Kuznetsov.
5:01 of 1st period - Stopped by Thomas Greiss without a rebound.
5:02 of 1st period - Aleksander Barkov wins face-off versus Nick Paul in Oilers zone.
5:05 of 1st period - Shot by Gustav Forsling.
5:05 of 1st period - Stopped by Thomas Greiss without a rebound.
5:06 of 1st period - Nick Paul wins face-off versus Aleksander Barkov in Oilers zone.
5:06 of 1st period - Nick Paul is hit by Aleksander Barkov.
5:57 of 1st period - Shot by Evgeny Kuznetsov.
5:57 of 1st period - Stopped by Thomas Greiss with a rebound.
5:59 of 1st period - Shot by Jonas Brodin.
5:59 of 1st period - Shot Misses the Net.
6:01 of 1st period - Shot by Garnet Hathaway.
6:01 of 1st period - Deflect By Evgeny Kuznetsov.
6:01 of 1st period - Shot Misses the Net.
6:03 of 1st period - Shot by Jonas Brodin.
6:03 of 1st period - Shot Blocked by Jamie Oleksiak.
6:29 of 1st period - Icing by Esa Lindell.
6:30 of 1st period - J.T. Miller wins face-off versus Derek Ryan in Oilers zone.
6:30 of 1st period - J.T. Miller is hit by Ryan Lomberg.
7:08 of 1st period - Derek Ryan is hit by Evander Kane and loses puck.
8:04 of 1st period - Shot by Aleksander Barkov.
8:04 of 1st period - Shot Misses the Net.
8:06 of 1st period - Shot by Jonas Brodin.
8:06 of 1st period - Stopped by Thomas Greiss without a rebound.
8:06 of 1st period - Minor Penalty to Josh Morrissey for High sticking.
8:07 of 1st period - Aleksander Barkov wins face-off versus Nick Paul in Oilers zone.
8:14 of 1st period - Shot by Paul Stastny.
8:14 of 1st period - Stopped by Thomas Greiss without a rebound.
8:15 of 1st period - Aleksander Barkov wins face-off versus Nick Paul in Oilers zone.
8:30 of 1st period - Shot by Paul Stastny.
8:30 of 1st period - Stopped by Thomas Greiss without a rebound.
8:31 of 1st period - Erik Haula wins face-off versus Nick Paul in Oilers zone.
9:00 of 1st period - Shot by Michael Del Zotto.
9:00 of 1st period - Stopped by Thomas Greiss without a rebound.
9:01 of 1st period - Nick Paul wins face-off versus Aleksander Barkov in Oilers zone.
9:45 of 1st period - Shot by Jonas Brodin.
9:45 of 1st period - Stopped by Thomas Greiss with a rebound.
9:47 of 1st period - Shot by Jonas Brodin.
9:47 of 1st period - Stopped by Thomas Greiss without a rebound.
9:48 of 1st period - Vincent Trocheck wins face-off versus Evgeny Kuznetsov in Oilers zone.
10:08 of 1st period - Shot by Evgeny Kuznetsov.
10:08 of 1st period - Shot Misses the Net.
10:12 of 1st period - Shot by Ryan Lomberg.
10:12 of 1st period - Stopped by Thomas Greiss without a rebound.
10:13 of 1st period - J.T. Miller wins face-off versus Paul Stastny in Oilers zone.
10:22 of 1st period - Shot by Josh Morrissey.
10:22 of 1st period - Shot Misses the Net.
10:25 of 1st period - Icing by Mario Ferraro.
10:26 of 1st period - Vincent Trocheck wins face-off versus Nino Niederreiter in Sharks zone.
10:29 of 1st period - Shot by Ryan Nugent-Hopkins.
10:29 of 1st period - Stopped by Cam Talbot without a rebound.
10:30 of 1st period - Vincent Trocheck wins face-off versus Aleksander Barkov in Sharks zone.
10:53 of 1st period - Shot by Aleksander Barkov.
10:53 of 1st period - Stopped by Thomas Greiss without a rebound.
10:54 of 1st period - J.T. Miller wins face-off versus Evgeny Kuznetsov in Oilers zone.
12:03 of 1st period - Timothy Gettinger is hit by Vincent Trocheck and loses puck.
12:10 of 1st period - Shot by Jon Merrill.
12:10 of 1st period - Stopped by Thomas Greiss without a rebound.
12:11 of 1st period - Paul Stastny wins face-off versus Joshua Norris in Oilers zone.
13:14 of 1st period - Shot by Aleksander Barkov.
13:14 of 1st period - Shot Blocked by Esa Lindell.
14:07 of 1st period - Icing by Mario Ferraro.
14:08 of 1st period - Eric Staal wins face-off versus Derek Ryan in Sharks zone.
14:15 of 1st period - Shot by Michael Rasmussen.
14:15 of 1st period - Shot Blocked by Jonas Brodin.
14:19 of 1st period - Shot by Eric Staal.
14:19 of 1st period - Stopped by Cam Talbot without a rebound.
14:20 of 1st period - J.T. Miller wins face-off versus Evgeny Kuznetsov in Sharks zone.
14:21 of 1st period - Shot by Tyler Bertuzzi.
14:21 of 1st period - Stopped by Cam Talbot without a rebound.
14:22 of 1st period - J.T. Miller wins face-off versus Evgeny Kuznetsov in Sharks zone.
14:33 of 1st period - Shot by Robert Thomas.
14:33 of 1st period - Shot Misses the Net.
14:49 of 1st period - Shot by J.T. Miller.
14:49 of 1st period - Stopped by Cam Talbot with a rebound.
15:00 of 1st period - Shot by Tyler Bertuzzi.
15:00 of 1st period - Shot Misses the Net.
15:02 of 1st period - Shot by Tyler Bertuzzi.
15:02 of 1st period - Shot Misses the Net.
15:04 of 1st period - Shot by Esa Lindell.
15:04 of 1st period - Stopped by Cam Talbot without a rebound.
15:05 of 1st period - Vincent Trocheck wins face-off versus Aleksander Barkov in Sharks zone.
16:06 of 1st period - Joshua Norris is hit by Garnet Hathaway and loses puck.
16:28 of 1st period - Travis Hamonic is hit by Carson Soucy and loses puck.
16:39 of 1st period - Shot by Nino Niederreiter.
16:39 of 1st period - Stopped by Thomas Greiss without a rebound.
16:40 of 1st period - J.T. Miller wins face-off versus Evgeny Kuznetsov in Oilers zone.
18:31 of 1st period - Nino Niederreiter is hit by Carson Soucy and loses puck.
18:56 of 1st period - Shot by Nick Paul.
18:56 of 1st period - Shot Misses the Net.
18:58 of 1st period - Shot by Joshua Norris.
18:58 of 1st period - Stopped by Cam Talbot without a rebound.
18:59 of 1st period - Eric Staal wins face-off versus Aleksander Barkov in Sharks zone.
19:11 of 1st period - Off-side.
19:12 of 1st period - Derek Ryan wins face-off versus J.T. Miller in neutral zone.
19:12 of 1st period - Ryan Lomberg is hit by Evander Kane and loses puck.
19:19 of 1st period - Off-side.
19:20 of 1st period - J.T. Miller wins face-off versus Aleksander Barkov in neutral zone.
19:22 of 1st period - Off-side.
19:23 of 1st period - Vincent Trocheck wins face-off versus Aleksander Barkov in neutral zone.
19:59 of 1st period - Shot by Ryan Nugent-Hopkins.
19:59 of 1st period - Shot Blocked by Mario Ferraro.
Goals for this period are 0 for Sharks vs 0 for Oilers.
Shots for this period are 19 for Sharks vs 11 for Oilers.
2nd period
0:01 of 2nd period - J.T. Miller wins face-off versus Aleksander Barkov in neutral zone.
0:16 of 2nd period - Shot by Evander Kane.
0:16 of 2nd period - Shot Misses the Net.
1:22 of 2nd period - Shot by Joshua Norris.
1:22 of 2nd period - Shot Misses the Net.
1:35 of 2nd period - Icing by Gustav Forsling.
1:36 of 2nd period - Erik Haula wins face-off versus Vincent Trocheck in Sharks zone.
1:51 of 2nd period - Shot by Ryan Nugent-Hopkins.
1:51 of 2nd period - Shot Hit the Post.
2:11 of 2nd period - Shot by Blake Wheeler.
2:11 of 2nd period - Stopped by Cam Talbot without a rebound.
2:12 of 2nd period - Aleksander Barkov wins face-off versus Eric Robinson in Sharks zone.
2:12 of 2nd period - Aleksander Barkov is hit by Michael Rasmussen.
2:15 of 2nd period - Icing by Jonas Brodin.
2:16 of 2nd period - Aleksander Barkov wins face-off versus J.T. Miller in Sharks zone.
2:33 of 2nd period - Josh Morrissey is hit by Garnet Hathaway and loses puck.
2:38 of 2nd period - Shot by Aleksander Barkov.
2:38 of 2nd period - Stopped by Thomas Greiss with a rebound.
2:40 of 2nd period - Shot by Aleksander Barkov.
2:40 of 2nd period - Shot Blocked by Jamie Oleksiak.
2:46 of 2nd period - Shot by Aleksander Barkov.
2:46 of 2nd period - Goal by Aleksander Barkov - Sharks : 1 - Oilers : 0.
2:47 of 2nd period - Joshua Norris wins face-off versus Robert Thomas in neutral zone.
2:54 of 2nd period - Shot by Joshua Norris.
2:54 of 2nd period - Shot Misses the Net.
3:19 of 2nd period - Shot by Andrew Copp.
3:19 of 2nd period - Shot Misses the Net.
3:21 of 2nd period - Shot by Joshua Norris.
3:21 of 2nd period - Stopped by Cam Talbot with a rebound.
4:20 of 2nd period - Off-side.
4:21 of 2nd period - Vincent Trocheck wins face-off versus Aleksander Barkov in neutral zone.
4:28 of 2nd period - Shot by Blake Wheeler.
4:28 of 2nd period - Goal by Blake Wheeler - Sharks : 1 - Oilers : 1.
4:29 of 2nd period - Aleksander Barkov wins face-off versus J.T. Miller in neutral zone.
4:38 of 2nd period - Shot by Timothy Gettinger.
4:38 of 2nd period - Stopped by Thomas Greiss without a rebound.
4:39 of 2nd period - Vincent Trocheck wins face-off versus Evgeny Kuznetsov in Oilers zone.
4:43 of 2nd period - Off-side.
4:44 of 2nd period - Timothy Gettinger wins face-off versus Blake Wheeler in neutral zone.
4:44 of 2nd period - Gustav Forsling is hit by Vincent Trocheck and loses puck.
4:49 of 2nd period - Blake Wheeler is hit by Garnet Hathaway and loses puck.
5:13 of 2nd period - Minor Penalty to Jamie Oleksiak for Hooking.
5:14 of 2nd period - Aleksander Barkov wins face-off versus Nick Paul in Oilers zone.
5:15 of 2nd period - Shot by Jonas Brodin.
5:15 of 2nd period - Stopped by Thomas Greiss with a rebound.
5:17 of 2nd period - Shot by Michael Del Zotto.
5:17 of 2nd period - Shot Misses the Net.
6:07 of 2nd period - J.T. Miller is hit by Aleksander Barkov and loses puck.
6:21 of 2nd period - Icing by Erik Haula.
6:22 of 2nd period - Nick Paul wins face-off versus Evgeny Kuznetsov in Sharks zone.
6:23 of 2nd period - Shot by J.T. Miller.
6:23 of 2nd period - Shot Blocked by Gustav Forsling.
6:31 of 2nd period - Shot by Gustav Forsling.
6:31 of 2nd period - Stopped by Thomas Greiss with a rebound.
6:33 of 2nd period - Shot by Gustav Forsling.
6:33 of 2nd period - Stopped by Thomas Greiss with a rebound.
6:35 of 2nd period - Shot by Gustav Forsling.
6:35 of 2nd period - Shot Blocked by Carson Soucy.
6:51 of 2nd period - Shot by Evgeny Kuznetsov.
6:51 of 2nd period - Deflect By Erik Haula.
6:51 of 2nd period - Shot Misses the Net.
6:53 of 2nd period - Shot by Garnet Hathaway.
6:53 of 2nd period - Deflect By Evgeny Kuznetsov.
6:53 of 2nd period - Shot Misses the Net.
6:55 of 2nd period - Shot by Garnet Hathaway.
6:55 of 2nd period - Stopped by Thomas Greiss without a rebound.
6:56 of 2nd period - Vincent Trocheck wins face-off versus Evgeny Kuznetsov in Oilers zone.
7:05 of 2nd period - Esa Lindell is hit by Garnet Hathaway and loses puck.
7:10 of 2nd period - Shot by Erik Haula.
7:10 of 2nd period - Stopped by Thomas Greiss with a rebound.
7:12 of 2nd period - Shot by Jonas Brodin.
7:12 of 2nd period - Stopped by Thomas Greiss with a rebound.
7:16 of 2nd period - Shot by Derek Ryan.
7:16 of 2nd period - Stopped by Thomas Greiss without a rebound.
7:17 of 2nd period - Oliver Wahlstrom wins face-off versus Vincent Trocheck in Oilers zone.
7:17 of 2nd period - Gustav Forsling is hit by Jamie Oleksiak.
7:21 of 2nd period - Shot by Ryan Lomberg.
7:21 of 2nd period - Shot Misses the Net.
7:23 of 2nd period - Shot by Gustav Forsling.
7:23 of 2nd period - Stopped by Thomas Greiss without a rebound.
7:24 of 2nd period - Paul Stastny wins face-off versus Vincent Trocheck in Oilers zone.
7:32 of 2nd period - Ryan Nugent-Hopkins is hit by Paul Stastny and loses puck.
7:42 of 2nd period - Icing by Jamie Oleksiak.
7:43 of 2nd period - Ryan Lomberg wins face-off versus Ryan Nugent-Hopkins in Oilers zone.
7:49 of 2nd period - Icing by Josh Morrissey.
7:50 of 2nd period - Vincent Trocheck wins face-off versus Timothy Gettinger in Oilers zone.
8:02 of 2nd period - Icing by Aleksander Barkov.
8:03 of 2nd period - Evander Kane wins face-off versus Aleksander Barkov in Sharks zone.
8:24 of 2nd period - Mario Ferraro is hit by Evander Kane and loses puck.
8:53 of 2nd period - Icing by Jonas Brodin.
8:54 of 2nd period - Vincent Trocheck wins face-off versus Timothy Gettinger in Sharks zone.
9:03 of 2nd period - Shot by Vincent Trocheck.
9:03 of 2nd period - Shot Blocked by Jonas Brodin.
9:05 of 2nd period - Shot by Jamie Oleksiak.
9:05 of 2nd period - Stopped by Cam Talbot without a rebound.
9:06 of 2nd period - Evgeny Kuznetsov wins face-off versus Eric Staal in Sharks zone.
9:06 of 2nd period - Evgeny Kuznetsov is hit by Michael Rasmussen.
9:11 of 2nd period - Off-side.
9:12 of 2nd period - Evgeny Kuznetsov wins face-off versus Joshua Norris in neutral zone.
9:44 of 2nd period - Icing by Nick Paul.
9:45 of 2nd period - Paul Stastny wins face-off versus Joshua Norris in Oilers zone.
10:07 of 2nd period - Shot by Nino Niederreiter.
10:07 of 2nd period - Stopped by Thomas Greiss without a rebound.
10:08 of 2nd period - Derek Ryan wins face-off versus J.T. Miller in Oilers zone.
10:35 of 2nd period - Shot by Evander Kane.
10:35 of 2nd period - Stopped by Cam Talbot without a rebound.
10:36 of 2nd period - Vincent Trocheck wins face-off versus Aleksander Barkov in Sharks zone.
10:52 of 2nd period - Icing by Gustav Forsling.
10:53 of 2nd period - Eric Staal wins face-off versus Aleksander Barkov in Sharks zone.
11:10 of 2nd period - Shot by Michael Rasmussen.
11:10 of 2nd period - Stopped by Cam Talbot without a rebound.
11:11 of 2nd period - J.T. Miller wins face-off versus Evgeny Kuznetsov in Sharks zone.
11:47 of 2nd period - J.T. Miller is hit by Jonas Brodin and loses puck.
12:02 of 2nd period - Shot by Taylor Raddysh.
12:02 of 2nd period - Shot Misses the Net.
12:10 of 2nd period - Shot by Paul Stastny.
12:10 of 2nd period - Stopped by Thomas Greiss without a rebound.
12:11 of 2nd period - Aleksander Barkov wins face-off versus Vincent Trocheck in Oilers zone.
12:11 of 2nd period - Aleksander Barkov is hit by Jamie Oleksiak.
12:19 of 2nd period - Shot by Garnet Hathaway.
12:19 of 2nd period - Stopped by Thomas Greiss without a rebound.
12:20 of 2nd period - Vincent Trocheck wins face-off versus Taylor Raddysh in Oilers zone.
12:55 of 2nd period - Gustav Forsling is hit by Ryan Nugent-Hopkins and loses puck.
14:16 of 2nd period - Shot by Erik Haula.
14:16 of 2nd period - Stopped by Thomas Greiss with a rebound.
14:30 of 2nd period - Jonas Brodin is hit by Evander Kane and loses puck.
14:35 of 2nd period - Shot by J.T. Miller.
14:35 of 2nd period - Deflect By Evander Kane.
14:35 of 2nd period - Shot Misses the Net.
14:37 of 2nd period - Shot by Evander Kane.
14:37 of 2nd period - Shot Misses the Net.
14:49 of 2nd period - Shot by J.T. Miller.
14:49 of 2nd period - Stopped by Cam Talbot without a rebound.
14:50 of 2nd period - Vincent Trocheck wins face-off versus Derek Ryan in Sharks zone.
15:08 of 2nd period - Ryan Nugent-Hopkins is hit by Travis Hamonic and loses puck.
15:17 of 2nd period - Shot by Ryan Nugent-Hopkins.
15:17 of 2nd period - Shot Blocked by Michael Del Zotto.
15:19 of 2nd period - Shot by Ryan Nugent-Hopkins.
15:19 of 2nd period - Shot Blocked by Travis Hamonic.
15:21 of 2nd period - Shot by Ryan Nugent-Hopkins.
15:21 of 2nd period - Stopped by Cam Talbot with a rebound.
16:08 of 2nd period - Shot by J.T. Miller.
16:08 of 2nd period - Stopped by Cam Talbot without a rebound.
16:09 of 2nd period - Aleksander Barkov wins face-off versus Eric Staal in Sharks zone.
16:28 of 2nd period - Shot by Aleksander Barkov.
16:28 of 2nd period - Stopped by Thomas Greiss without a rebound.
16:29 of 2nd period - Evgeny Kuznetsov wins face-off versus Joshua Norris in Oilers zone.
16:33 of 2nd period - Evgeny Kuznetsov is hit by Esa Lindell and loses puck.
17:04 of 2nd period - Shot by Joshua Norris.
17:04 of 2nd period - Shot Blocked by Gustav Forsling.
17:06 of 2nd period - Shot by Esa Lindell.
17:06 of 2nd period - Stopped by Cam Talbot without a rebound.
17:07 of 2nd period - J.T. Miller wins face-off versus Aleksander Barkov in Sharks zone.
17:10 of 2nd period - Shot by J.T. Miller.
17:10 of 2nd period - Stopped by Cam Talbot without a rebound.
17:11 of 2nd period - J.T. Miller wins face-off versus Aleksander Barkov in Sharks zone.
17:15 of 2nd period - Shot by J.T. Miller.
17:15 of 2nd period - Stopped by Cam Talbot with a rebound.
17:17 of 2nd period - Shot by Tyler Bertuzzi.
17:17 of 2nd period - Deflect By J.T. Miller.
17:17 of 2nd period - Goal by J.T. Miller - Sharks : 1 - Oilers : 2.
17:18 of 2nd period - J.T. Miller wins face-off versus Aleksander Barkov in neutral zone.
17:27 of 2nd period - Shot by J.T. Miller.
17:27 of 2nd period - Shot Misses the Net.
18:01 of 2nd period - Josh Morrissey is hit by Garnet Hathaway and loses puck.
18:33 of 2nd period - Esa Lindell is hit by Evgeny Kuznetsov and loses puck.
Goals for this period are 1 for Sharks vs 2 for Oilers.
Shots for this period are 16 for Sharks vs 13 for Oilers.
3rd period
0:01 of 3rd period - J.T. Miller wins face-off versus Garnet Hathaway in neutral zone.
0:38 of 3rd period - Shot by Aleksander Barkov.
0:38 of 3rd period - Stopped by Thomas Greiss without a rebound.
0:39 of 3rd period - Evgeny Kuznetsov wins face-off versus Vincent Trocheck in Oilers zone.
1:55 of 3rd period - Shot by Joshua Norris.
1:55 of 3rd period - Stopped by Cam Talbot without a rebound.
1:56 of 3rd period - Aleksander Barkov wins face-off versus J.T. Miller in Sharks zone.
1:56 of 3rd period - Aleksander Barkov is hit by Evander Kane.
2:01 of 3rd period - Aleksander Barkov is hit by Esa Lindell.
2:09 of 3rd period - Michael Del Zotto is hit by J.T. Miller and loses puck.
2:22 of 3rd period - Shot by Aleksander Barkov.
2:22 of 3rd period - Stopped by Thomas Greiss without a rebound.
2:23 of 3rd period - Joshua Norris wins face-off versus Paul Stastny in Oilers zone.
2:28 of 3rd period - Paul Stastny is hit by Nick Paul and loses puck.
2:55 of 3rd period - Shot by Joshua Norris.
2:55 of 3rd period - Shot Misses the Net.
3:10 of 3rd period - Icing by Nino Niederreiter.
3:11 of 3rd period - Paul Stastny wins face-off versus J.T. Miller in Sharks zone.
3:34 of 3rd period - Shot by Aleksander Barkov.
3:34 of 3rd period - Stopped by Thomas Greiss without a rebound.
3:35 of 3rd period - Erik Haula wins face-off versus Vincent Trocheck in Oilers zone.
3:35 of 3rd period - Erik Haula is hit by Jamie Oleksiak.
3:37 of 3rd period - Shot by Robert Thomas.
3:37 of 3rd period - Stopped by Thomas Greiss with a rebound.
4:55 of 3rd period - Shot by Timothy Gettinger.
4:55 of 3rd period - Stopped by Thomas Greiss without a rebound.
4:56 of 3rd period - Eric Staal wins face-off versus Paul Stastny in Oilers zone.
4:56 of 3rd period - Eric Staal is hit by Nino Niederreiter.
5:33 of 3rd period - Shot by Paul Stastny.
5:33 of 3rd period - Goal by Paul Stastny - Sharks : 2 - Oilers : 2.
5:34 of 3rd period - Aleksander Barkov wins face-off versus J.T. Miller in neutral zone.
5:50 of 3rd period - Esa Lindell is hit by Garnet Hathaway and loses puck.
5:56 of 3rd period - Icing by J.T. Miller.
5:57 of 3rd period - J.T. Miller wins face-off versus Ryan Lomberg in Oilers zone.
5:57 of 3rd period - J.T. Miller is hit by Ryan Lomberg.
6:23 of 3rd period - Shot by Evander Kane.
6:23 of 3rd period - Stopped by Cam Talbot without a rebound.
6:24 of 3rd period - Aleksander Barkov wins face-off versus Vincent Trocheck in Sharks zone.
6:24 of 3rd period - Jonas Brodin is hit by Vincent Trocheck and loses puck.
6:33 of 3rd period - Shot by Ryan Nugent-Hopkins.
6:33 of 3rd period - Goal by Ryan Nugent-Hopkins - Sharks : 2 - Oilers : 3.
6:34 of 3rd period - Evgeny Kuznetsov wins face-off versus Nick Paul in neutral zone.
6:46 of 3rd period - Josh Morrissey is hit by Gustav Forsling and loses puck.
7:38 of 3rd period - J.T. Miller is hit by Mario Ferraro and loses puck.
8:07 of 3rd period - Evander Kane is hit by Garnet Hathaway and loses puck.
8:32 of 3rd period - Shot by Ryan Nugent-Hopkins.
8:32 of 3rd period - Shot Blocked by Travis Hamonic.
8:35 of 3rd period - Icing by Michael Del Zotto.
8:36 of 3rd period - Paul Stastny wins face-off versus Eric Staal in Sharks zone.
8:36 of 3rd period - Paul Stastny is hit by Michael Rasmussen.
9:45 of 3rd period - Shot by Derek Ryan.
9:45 of 3rd period - Stopped by Thomas Greiss without a rebound.
9:46 of 3rd period - J.T. Miller wins face-off versus Evgeny Kuznetsov in Oilers zone.
9:59 of 3rd period - Shot by J.T. Miller.
9:59 of 3rd period - Shot Misses the Net.
10:01 of 3rd period - Shot by Esa Lindell.
10:01 of 3rd period - Shot Misses the Net.
11:03 of 3rd period - Shot by Aleksander Barkov.
11:03 of 3rd period - Stopped by Thomas Greiss without a rebound.
11:04 of 3rd period - Nino Niederreiter wins face-off versus Joshua Norris in Oilers zone.
11:09 of 3rd period - Shot by Paul Stastny.
11:09 of 3rd period - Shot Misses the Net.
11:28 of 3rd period - Shot by Andrew Copp.
11:28 of 3rd period - Stopped by Cam Talbot with a rebound.
11:30 of 3rd period - Shot by Nick Paul.
11:30 of 3rd period - Shot Misses the Net.
11:32 of 3rd period - Shot by Andrew Copp.
11:32 of 3rd period - Deflect By Joshua Norris.
11:32 of 3rd period - Shot Misses the Net.
12:56 of 3rd period - Shot by Aleksander Barkov.
12:56 of 3rd period - Stopped by Thomas Greiss without a rebound.
12:57 of 3rd period - Evgeny Kuznetsov wins face-off versus Eric Staal in Oilers zone.
13:08 of 3rd period - Shot by Evgeny Kuznetsov.
13:08 of 3rd period - Stopped by Thomas Greiss without a rebound.
13:09 of 3rd period - J.T. Miller wins face-off versus Aleksander Barkov in Oilers zone.
13:54 of 3rd period - Off-side.
13:55 of 3rd period - Evgeny Kuznetsov wins face-off versus Vincent Trocheck in neutral zone.
14:09 of 3rd period - Icing by Jon Merrill.
14:10 of 3rd period - Evgeny Kuznetsov wins face-off versus Joshua Norris in Sharks zone.
14:47 of 3rd period - Off-side.
14:48 of 3rd period - Vincent Trocheck wins face-off versus Ryan Lomberg in neutral zone.
14:58 of 3rd period - Blake Wheeler is hit by Mario Ferraro.
15:46 of 3rd period - Jonas Brodin is hit by Evander Kane and loses puck.
15:57 of 3rd period - Josh Morrissey is hit by Ryan Lomberg and loses puck.
16:18 of 3rd period - Shot by J.T. Miller.
16:18 of 3rd period - Stopped by Cam Talbot with a rebound.
16:22 of 3rd period - Shot by J.T. Miller.
16:22 of 3rd period - Stopped by Cam Talbot without a rebound.
16:23 of 3rd period - Evgeny Kuznetsov wins face-off versus Joshua Norris in Sharks zone.
16:23 of 3rd period - Evgeny Kuznetsov is hit by Nick Paul.
16:32 of 3rd period - Icing by Erik Haula.
16:33 of 3rd period - Eric Staal wins face-off versus Evgeny Kuznetsov in Sharks zone.
17:43 of 3rd period - Shot by Timothy Gettinger.
17:43 of 3rd period - Shot Misses the Net.
17:45 of 3rd period - Shot by Timothy Gettinger.
17:45 of 3rd period - Shot Blocked by Noah Hanifin.
17:47 of 3rd period - Shot by Garnet Hathaway.
17:47 of 3rd period - Stopped by Thomas Greiss with a rebound.
18:16 of 3rd period - Shot by Vincent Trocheck.
18:16 of 3rd period - Stopped by Cam Talbot without a rebound.
18:17 of 3rd period - Joshua Norris wins face-off versus Derek Ryan in Sharks zone.
18:24 of 3rd period - Shot by Joshua Norris.
18:24 of 3rd period - Shot Misses the Net.
18:26 of 3rd period - Shot by Nick Paul.
18:26 of 3rd period - Stopped by Cam Talbot with a rebound.
18:38 of 3rd period - Shot by Andrew Copp.
18:38 of 3rd period - Stopped by Cam Talbot without a rebound.
18:39 of 3rd period - J.T. Miller wins face-off versus Paul Stastny in Sharks zone.
18:44 of 3rd period - Shot by J.T. Miller.
18:44 of 3rd period - Shot Misses the Net.
19:08 of 3rd period - Shot by J.T. Miller.
19:08 of 3rd period - Shot Blocked by Jon Merrill.
19:12 of 3rd period - Shot by Evander Kane.
19:12 of 3rd period - Stopped by Cam Talbot with a rebound.
19:16 of 3rd period - Shot by Noah Hanifin.
19:16 of 3rd period - Shot Blocked by Jon Merrill.
19:42 of 3rd period - J.T. Miller is hit by Gustav Forsling and loses puck.
19:54 of 3rd period - Nick Paul is hit by Jon Merrill and loses puck.
Goals for this period are 1 for Sharks vs 1 for Oilers.
Shots for this period are 11 for Sharks vs 10 for Oilers.